 Dungeon Crawl Stone Soup version 0.26-a0-542-gbaa144ba5c (webtiles) character file.

Game seed: 3216594504445258838

8849 Gargoyl the Fighter (level 11, -4/87 (89) HPs)
             Began as a Gnoll Abyssal Knight on Aug 18, 2020.
             Was a High Priest of Lugonu.
             Slain by a six-headed hydra (8 damage)
             ... on level 1 of the Lair of Beasts.
             The game lasted 00:15:37 (12464 turns).

Gargoyl the Fighter (Gnoll Abyssal Knight)         Turns: 12464, Time: 00:15:38

HP:   -4/87 (89)    AC: 20    Str: 17    XL:     11   Next: 37%
MP:   20/20         EV:  8    Int: 15    God:    Lugonu [*****.]
Gold: 522           SH:  7    Dex: 15    Spells: 22/22 levels left

rFire    + . .     SeeInvis .   B - +4 morningstar (holy)
rCold    + . .     Faith    .   c - +1 buckler
rNeg     . . .     Spirit   .   A - +1 plate armour {rF+}
rPois    .         Reflect  .   (no helmet)
rElec    .         Harm     .   G - +0 cloak
rCorr    +                      r - +2 pair of gloves
MR       .....                  E - +0 pair of boots
Stlth    ..........             D - amulet of regeneration
HPRegen  0.64/turn              f - ring of protection from cold
MPRegen  0.17/turn              t - ring of resist corrosion

@: no status effects
A: distributed training, fangs 1, strong nose
a: Depart the Abyss, Bend Space, Banish, Corrupt, Enter the Abyss, Renounce
Religion


You were on level 1 of the Lair of Beasts.
You worshipped Lugonu.
Lugonu was extremely pleased with you.
You visited 2 branches of the dungeon, and saw 11 of its levels.
You visited the Abyss 1 time.
You also visited: Sewer and Ossuary.

You collected 827 gold pieces.
You spent 305 gold pieces at shops.

Inventory:

Hand Weapons
 a - a +1 hand axe
 g - a +1 war axe
 B - a +4 morningstar of holy wrath (weapon)
Missiles
 m - 4 boomerangs
 u - 3 javelins (quivered)
Armour
 c - a +1 buckler (worn)
 r - a +2 pair of gloves (worn)
 A - a +1 plate armour of fire resistance (worn)
 E - a +0 pair of boots (worn)
 G - a +0 cloak (worn)
Jewellery
 f - a ring of protection from cold (left hand)
 k - an uncursed ring of protection from cold
 t - a ring of resist corrosion (right hand)
 D - an amulet of regeneration (around neck)
 F - a +6 ring of intelligence {unknown}
Wands
 h - a wand of acid (7)
 n - a wand of digging (4)
 x - a wand of paralysis (6)
 y - a wand of polymorph (9)
Scrolls
 d - 3 scrolls of remove curse
 e - 3 scrolls of fog
 p - a scroll of identify
 v - 2 scrolls of teleportation
 w - a scroll of fear
Potions
 b - 3 potions of stabbing
 i - 8 potions of curing
 j - a potion of magic
 l - 4 potions of flight
 o - 2 potions of heal wounds
 q - 5 potions of haste
 z - a potion of brilliance


   Skills:
 + Level 9.1 Fighting
 + Level 6.2 Short Blades
 + Level 6.2 Long Blades
 + Level 7.8 Axes
 + Level 6.2 Maces & Flails
 + Level 6.2 Polearms
 + Level 6.2 Staves
 + Level 6.2 Slings
 + Level 6.2 Bows
 + Level 6.2 Crossbows
 + Level 6.2 Throwing
 + Level 7.8 Armour
 + Level 6.8 Dodging
 + Level 6.2 Stealth
 + Level 6.2 Shields
 + Level 6.2 Unarmed Combat
 + Level 6.2 Spellcasting
 + Level 5.1 Conjurations
 + Level 5.1 Hexes
 + Level 5.1 Summonings
 + Level 5.1 Necromancy
 + Level 5.1 Translocations
 + Level 5.1 Transmutations
 + Level 5.1 Fire Magic
 + Level 5.1 Ice Magic
 + Level 5.1 Air Magic
 + Level 5.1 Earth Magic
 + Level 5.1 Poison Magic
 + Level 8.3 Invocations
 + Level 6.2 Evocations


You had 22 spell levels left.
You didn't know any spells.
Your spell library contained the following spells:

 Spells                   Type           Power        Failure   Level
 Magic Dart               Conj           ###.         50%         1
 Blink                    Tloc           N/A          63%         2
 Call Imp                 Summ           ###.....     63%         2
 Slow                     Hex            ###.....     63%         2
 Conjure Flame            Conj/Fire      ###.....     86%         3
 Mephitic Cloud           Conj/Pois/Air  ###.....     86%         3


Dungeon Overview and Level Annotations

Branches:
Dungeon (10/15)            Temple (0/1) D:4            Lair (1/6) D:8
  Sewer (visited)         Ossuary (visited)
    Orc: D:9-12

Altars:
Ashenzari
Cheibriados
Dithmenos
Elyvilon
Fedhas
Makhleb
Nemelex Xobeh
Ru
Trog
Uskayaw
Wu Jian
Xom
The Shining One

Shops:
D:5 ?   D:7 (


Innate Abilities, Weirdness & Mutations

Your experience applies equally to all skills.
You have very sharp teeth.
Your uncanny sense of smell can sniff out nearby items.


Message History

You block the six-headed hydra's attack.
The six-headed hydra bites you.
* * * LOW HITPOINT WARNING * * *
The six-headed hydra bites you but does no damage.
You block the six-headed hydra's attack.
The six-headed hydra bites you but does no damage. x2
You completely miss the six-headed hydra.
The six-headed hydra is heavily wounded.
The six-headed hydra bites you.
* * * LOW HITPOINT WARNING * * *
The six-headed hydra bites you!
* * * LOW HITPOINT WARNING * * *
The six-headed hydra bites you but does no damage.
You block the six-headed hydra's attack.
The six-headed hydra bites you but does no damage.
The six-headed hydra bites you.
* * * LOW HITPOINT WARNING * * *
The six-headed hydra closely misses you.
The six-headed hydra bites you!
You die...

#....# #.##..#
#...$###..#..# .#
#....##..##..#####..#
#.....##.##..#.#.#...
##....................
#....................
#..........$?.......
#....##.[###...#####
#....###.##P.@.#
#....###.##..D.#
#.....##.###...#
##....###.# .....
#.....#.#)###)....
##......... ?......
#......... ........
#..............###..
##.P......


You could see a six-headed hydra.

Vanquished Creatures
  A hydra (Lair:1)
  A moth of wrath (D:8)
  A cane toad (Lair:1)
  A troll (D:10)
  A hippogriff (D:10)
  Prince Ribbit (D:7)
  A wraith (D:10)
  A basilisk (D:8)
  Eustachio (D:5)
  10 yaks
  A water moccasin (Lair:1)
  4 porcupines
  4 sky beasts
  A black bear (D:10)
  4 orc warriors
  A necrophage (D:7)
  2 phantoms
  2 ogres (D:8)
  2 centaurs
  3 crocodiles
  7 bullfrogs
  A big kobold (D:9)
  A wyvern zombie (D:8)
  2 scorpions
  11 killer bees
  3 howler monkeys
  A quasit (D:7)
  8 hounds
  2 bullfrog zombies (D:10)
  A bullfrog skeleton (D:6)
  3 orc priests
  3 jellies
  8 orc wizards
  An iguana (D:6)
  7 worker ants
  A big kobold zombie (Ossuary)
  A hound zombie (D:9)
  8 mummies (Ossuary)
  8 adders
  A howler monkey skeleton (D:3)
  A river rat (D:6)
  2 white imps
  3 ufetubi
  An ooze (D:1)
  An adder zombie (D:9)
  2 adder skeletons
  3 worms
  3 dart slugs
  10 leopard geckos
  32 orcs
  10 bats
  7 giant cockroaches
  2 gnoll zombies (Ossuary)
  9 goblins
  11 hobgoblins
  12 jackals
  3 quokkas
  6 ball pythons
  10 frilled lizards
  2 hobgoblin zombies (Ossuary)
  12 kobolds
  3 kobold zombies (Ossuary)
  A leopard gecko skeleton (D:7)
  A leopard gecko zombie (D:7)
  A quokka zombie (D:8)
  7 rats
  A plant (Lair:1)
277 creatures vanquished.

Vanquished Creatures (others)
  A hornet (D:8)
  A basilisk (D:7)
  A fungus (D:8)
  2 plants (D:8)
5 creatures vanquished.

Grand Total: 282 creatures vanquished

Notes
Turn   | Place    | Note
-------+----------+-------------------------------------------
     0 | Abyss:1  | Gargoyl the Gnoll Abyssal Knight began the quest for the
                  | Orb.
     0 | Abyss:1  | Reached XP level 1. HP: 23/23 MP: 3/3
    62 | Abyss:1  | Noticed a thrashing horror
    64 | D:1      | Escaped the Abyss
   458 | D:1      | Reached XP level 2. HP: 19/29 MP: 5/5
   646 | D:1      | Reached * piety under Lugonu
   923 | D:1      | Reached XP level 3. HP: 35/35 MP: 6/6
  1459 | D:2      | Reached skill level 1 in Short Blades
  1459 | D:2      | Reached skill level 1 in Long Blades
  1459 | D:2      | Reached skill level 1 in Maces & Flails
  1459 | D:2      | Reached skill level 1 in Polearms
  1459 | D:2      | Reached skill level 1 in Staves
  1459 | D:2      | Reached skill level 1 in Slings
  1459 | D:2      | Reached skill level 1 in Bows
  1459 | D:2      | Reached skill level 1 in Crossbows
  1459 | D:2      | Reached skill level 1 in Throwing
  1459 | D:2      | Reached skill level 1 in Stealth
  1459 | D:2      | Reached skill level 1 in Shields
  1459 | D:2      | Reached skill level 1 in Unarmed Combat
  1459 | D:2      | Reached skill level 1 in Spellcasting
  1459 | D:2      | Reached skill level 1 in Evocations
  1619 | D:2      | Reached XP level 4. HP: 36/41 MP: 7/7
  1792 | D:2      | Reached skill level 1 in Conjurations
  1792 | D:2      | Reached skill level 1 in Hexes
  1792 | D:2      | Reached skill level 1 in Summonings
  1792 | D:2      | Reached skill level 1 in Necromancy
  1792 | D:2      | Reached skill level 1 in Translocations
  1792 | D:2      | Reached skill level 1 in Transmutations
  1792 | D:2      | Reached skill level 1 in Fire Magic
  1792 | D:2      | Reached skill level 1 in Ice Magic
  1792 | D:2      | Reached skill level 1 in Air Magic
  1792 | D:2      | Reached skill level 1 in Earth Magic
  1792 | D:2      | Reached skill level 1 in Poison Magic
  1793 | D:2      | Reached ** piety under Lugonu
  2139 | D:2      | Found a glowing golden altar of the Shining One.
  2140 | D:2      | Found a shadowy altar of Dithmenos.
  2140 | D:2      | Found a hide-covered altar of Uskayaw.
  2143 | D:2      | Found a burning altar of Makhleb.
  2616 | D:3      | Reached XP level 5. HP: 44/47 MP: 8/8
  2790 | D:3      | Found a white marble altar of Elyvilon.
  3770 | D:4      | Reached skill level 5 in Invocations
  3832 | D:4      | Reached XP level 6. HP: 47/53 MP: 9/9
  3855 | D:3      | Reached skill level 5 in Axes
  3855 | D:3      | Reached skill level 5 in Armour
  4214 | D:4      | Found a staircase to the Ecumenical Temple.
  4327 | D:4      | Found a sand-covered staircase.
  4336 | Ossuary  | Entered an ossuary
  4411 | Ossuary  | Reached *** piety under Lugonu
  4438 | Ossuary  | Reached XP level 7. HP: 30/59 MP: 10/10
  4910 | Ossuary  | Reached skill level 7 in Fighting
  5244 | D:4      | You fall into a shaft and drop 1 floor!
  5244 | D:5      | Entered Level 5 of the Dungeon
  5919 | D:5      | Noticed Eustachio
  6003 | D:5      | Found a sacrificial altar of Ru.
  6058 | D:5      | Reached XP level 8. HP: 29/67 MP: 12/12
  6302 | D:5      | Killed Eustachio
  6380 | D:5      | Found Okoonnat's Magic Scroll Boutique.
  6388 | D:5      | Bought a scroll of teleportation for 39 gold pieces
  6760 | D:6      | Found a snail-covered altar of Cheibriados.
  6809 | D:6      | Found an ornate altar of the Wu Jian Council.
  6952 | D:6      | Found a blossoming altar of Fedhas.
  7127 | D:6      | Found a sparkling altar of Nemelex Xobeh.
  7318 | D:6      | Found a glowing drain.
  7334 | Sewer    | Entered a sewer
  7970 | D:7      | Found a sparkling altar of Nemelex Xobeh.
  8081 | D:7      | Found Tout's Weapon Emporium.
  8090 | D:7      | Bought a +3 morningstar of holy wrath for 266 gold pieces
  8115 | D:7      | Reached XP level 9. HP: 66/70 MP: 12/14
  8116 | D:7      | Reached **** piety under Lugonu
  8334 | D:7      | Found a bloodstained altar of Trog.
  8834 | D:8      | Noticed Prince Ribbit
  8910 | D:7      | Reached skill level 5 in Dodging
  9062 | D:7      | Reached skill level 8 in Fighting
  9073 | D:7      | Killed Prince Ribbit
  9202 | D:8      | Reached XP level 10. HP: 67/78 MP: 17/17
  9210 | D:8      | Found a staircase to the Lair.
  9387 | D:8      | Reached skill level 5 in Short Blades
  9387 | D:8      | Reached skill level 5 in Long Blades
  9387 | D:8      | Reached skill level 5 in Maces & Flails
  9387 | D:8      | Reached skill level 5 in Polearms
  9387 | D:8      | Reached skill level 5 in Staves
  9387 | D:8      | Reached skill level 5 in Slings
  9387 | D:8      | Reached skill level 5 in Bows
  9387 | D:8      | Reached skill level 5 in Crossbows
  9387 | D:8      | Reached skill level 5 in Throwing
  9387 | D:8      | Reached skill level 5 in Stealth
  9387 | D:8      | Reached skill level 5 in Shields
  9387 | D:8      | Reached skill level 5 in Unarmed Combat
  9387 | D:8      | Reached skill level 5 in Spellcasting
  9387 | D:8      | Reached skill level 5 in Evocations
  9487 | D:8      | Paralysed by a hornet for 1 turns
  9764 | D:8      | Found a shattered altar of Ashenzari.
  9876 | D:8      | Noticed a moth of wrath
  9954 | D:8      | Found a bloodstained altar of Trog.
 10002 | D:8      | Killed a moth of wrath
 10423 | D:9      | Found a shimmering altar of Xom.
 11102 | D:10     | Entered Level 10 of the Dungeon
 11610 | D:10     | Reached XP level 11. HP: 77/85 MP: 19/19
 11634 | D:10     | Reached skill level 9 in Fighting
 11660 | D:10     | Reached ***** piety under Lugonu
 11681 | D:10     | Reached skill level 5 in Conjurations
 11681 | D:10     | Reached skill level 5 in Hexes
 11681 | D:10     | Reached skill level 5 in Summonings
 11681 | D:10     | Reached skill level 5 in Necromancy
 11681 | D:10     | Reached skill level 5 in Translocations
 11681 | D:10     | Reached skill level 5 in Transmutations
 11681 | D:10     | Reached skill level 5 in Fire Magic
 11681 | D:10     | Reached skill level 5 in Ice Magic
 11681 | D:10     | Reached skill level 5 in Air Magic
 11681 | D:10     | Reached skill level 5 in Earth Magic
 11681 | D:10     | Reached skill level 5 in Poison Magic
 12181 | Lair:1   | Entered Level 1 of the Lair of Beasts
 12207 | Lair:1   | Noticed a five-headed hydra
 12218 | Lair:1   | Killed a five-headed hydra
 12455 | Lair:1   | Noticed a six-headed hydra
 12464 | Lair:1   | HP: 4/87 [six-headed hydra (6)]
 12464 | Lair:1   | Slain by a six-headed hydra

Illustrated notes

Levels and vault maps discovered:
D:1:      wander_arrival_estate, layout_loops_ring, feat_on_display
D:2:      layout_basic, grunt_temple_overflow_open
D:3:      layout_basic, elyvilon_altar_3
D:4:      layout_rooms, yredelemnul_forgotten_temple_becter,
          minmay_temple_entry_water_ring, nicolae_ossuary_entry_monument
D:5:      layout_loops_ring, nicolae_ru_sacrificial_ziggurat, serial_shops,
          shop_scrolls, uniq_eustachio
D:6:      layout_rooms, kennysheep_mini_moat, fedhas_altar_2,
          old_standard_altar, portal_sewer_entry_b, basic_altar,
          kennysheep_nondescript
D:7:      layout_gridville, nemelex_xobeh_ov_fountains_minmay, serial_shops,
          shop, basic_altar, minmay_fractal_squares_diagonal_5
D:8:      layout_loops_corners, tgw_trog, minmay_lair_entry_grove,
          ashenzari_altar_1, uniq_prince_ribbit1
D:9:      layout_irregular_city, kennysheep_little_box, minmay_statues_item
D:10:     layout_roguey
Lair:1:   layout_gridlike, wad_woods_road_02, uniq_grum

Skill      XL: |  1  2  3  4  5  6  7  8  9 10 11 |
---------------+----------------------------------+-----
Short Blades   | 1 2 3 4 5 6 |  6.2
Long Blades    | 1 2 3 4 5 6 |  6.2
Maces & Flails | 1 2 3 4 5 6 |  6.2
Polearms       | 1 2 3 4 5 6 |  6.2
Staves         | 1 2 3 4 5 6 |  6.2
Slings         | 1 2 3 4 5 6 |  6.2
Bows           | 1 2 3 4 5 6 |  6.2
Crossbows      | 1 2 3 4 5 6 |  6.2
Throwing       | 1 2 3 4 5 6 |  6.2
Stealth        | 1 2 3 4 5 6 |  6.2
Shields        | 1 2 3 4 5 6 |  6.2
Unarmed Combat | 1 2 3 4 5 6 |  6.2
Spellcasting   | 1 2 3 4 5 6 |  6.2
Evocations     | 1 2 3 4 5 6 |  6.2
Conjurations   | 1 2 3 4 5 |  5.1
Hexes          | 1 2 3 4 5 |  5.1
Summonings     | 1 2 3 4 5 |  5.1
Necromancy     | 1 2 3 4 5 |  5.1
Translocations | 1 2 3 4 5 |  5.1
Transmutations | 1 2 3 4 5 |  5.1
Fire Magic     | 1 2 3 4 5 |  5.1
Ice Magic      | 1 2 3 4 5 |  5.1
Air Magic      | 1 2 3 4 5 |  5.1
Earth Magic    | 1 2 3 4 5 |  5.1
Poison Magic   | 1 2 3 4 5 |  5.1
Dodging        | 3 4 5 6 |  6.8
Invocations    | 5 6 7 8 |  8.3
Axes           | 5 6 7 |  7.8
Armour         | 5 6 7 |  7.8
Fighting       | 7 8 9 |  9.1

Action                   |  1- 3 |  4- 6 |  7- 9 | 10-12 || total
-------------------------+-------+-------+-------+-------++-------
Melee: Hand axe          |    96 |   222 |   335 |       ||   653
       Bite              |    15 |    24 |    57 |    53 ||   149
       Morningstar       |       |       |    92 |   414 ||   506
       War axe           |       |       |    10 |       ||    10
Throw: Javelin           |       |       |     9 |     3 ||    12
       Boomerang         |       |       |     2 |       ||     2
Invok: Depart the Abyss  |     1 |       |       |       ||     1
       Banish            |       |       |     1 |     1 ||     2
Evoke: Wand              |       |     2 |     1 |     2 ||     5
  Use: Scroll            |       |     6 |    12 |     4 ||    22
       Potion            |       |     3 |       |     3 ||     6
Armor: Leather armour    |    17 |       |       |       ||    17
       Ring mail         |    14 |    16 |       |       ||    30
       Scale mail        |       |    89 |    12 |       ||   101
       Chain mail        |       |       |   141 |       ||   141
       Plate armour      |       |       |    99 |   258 ||   357
       Skin              |       |       |       |    41 ||    41
Dodge: Dodged            |    48 |   136 |   193 |   157 ||   534
Block: Buckler           |    12 |    59 |   137 |   149 ||   357

Table legend: (Time is in decaauts)
 A = Elapsed time spent in this place.
 B = Non-inter-level travel time spent in this place.
 C = Inter-level travel time spent in this place.
 D = Time resting spent in this place.
 E = Time spent auto-exploring this place.
 F = Levels seen in this place.
 G = Mean time per level.
                   A        B        C        D        E       F      G
               +--------+--------+--------+--------+--------+-----+--------+
         Total |  12757 |  12465 |    292 |   3333 |   6103 |  14 |  911.2 |
       Dungeon |  11061 |  10769 |    292 |   2652 |   5547 |  10 | 1106.1 |
          Lair |    291 |    291 |      0 |    139 |     41 |   1 |  291.0 |
         Abyss |     64 |     64 |      0 |      0 |     53 |   1 |   64.0 |
         Sewer |    546 |    546 |      0 |     21 |    363 |   1 |  546.0 |
       Ossuary |    793 |    793 |      0 |    521 |     99 |   1 |  793.0 |
               +--------+--------+--------+--------+--------+-----+--------+

Top non-repeatable levels by time:
     D:3: 1558 daAuts
     D:8: 1434 daAuts
     D:5: 1393 daAuts
     D:2: 1237 daAuts
     D:1: 1198 daAuts
     D:7: 1148 daAuts
    D:10: 1066 daAuts
     D:9: 841 daAuts
 Ossuary: 793 daAuts
     D:6: 719 daAuts
   Sewer: 546 daAuts
     D:4: 464 daAuts
  Lair:1: 291 daAuts
 Abyss:1: 64 daAuts
